| TOP OF THE 1ST |
|
Hudson Valley Renegades batting - Pitching for Everett AquaSox : LHP Kevin Roberts
|
|
Pitching: LHP Kevin Roberts
|
|
|
Batting: RHB Eric Narrow
|
0-0: Called Strike 0-1: Fly out, F8 (Flyball, 89M, EV 91.9 MPH)
|
|
Batting: SHB Suljo Dokic
|
0-0: Ball 1-0: Ball 2-0: Ground out 6-3 (Groundball, 6, EV 100.6 MPH)
|
|
Batting: RHB Isaiah Easter
|
0-0: Called Strike 0-1: Ground out 1-5-3 (Groundball, 15S, EV 95.6 MPH)
|
| Top of the 1st over - 0 runs, 0 hits, 0 errors, 0 left on base; Hudson Valley 0 - Everett 0 |
| BOTTOM OF THE 1ST |
|
Everett AquaSox batting - Pitching for Hudson Valley Renegades : RHP Jaime Astacio
|
|
Pitching: RHP Jaime Astacio
|
|
|
Batting: RHB Mike Conaway
|
0-0: Called Strike 0-1: Ball 1-1: Fly out, F8 (Flyball, 8LD, EV 98.1 MPH)
|
|
Batting: RHB Enrique Valdez
|
0-0: Ball 1-0: Ball 2-0: SINGLE (Line Drive, 78S, EV 92.5 MPH)
|
|
Batting: SHB Hatsuo Miura
|
0-0: Swinging Strike 0-1: Called Strike Enrique Valdez is caught stealing 2nd base 2-6 0-2: Strikes out swinging
|
| Bottom of the 1st over - 0 runs, 1 hit, 0 errors, 0 left on base; Hudson Valley 0 - Everett 0 |
| TOP OF THE 2ND |
|
Hudson Valley Renegades batting - Pitching for Everett AquaSox : LHP Kevin Roberts
|
|
Batting: RHB Kevin Kush
|
0-0: Foul Ball, location: 2F 0-1: Called Strike 0-2: Foul Ball, location: 2F 0-2: Ball 1-2: Ball 2-2: Ball 3-2: Fly out, F8 (Flyball, 78D, EV 101.2 MPH)
|
|
Batting: RHB Wil Urban
|
0-0: Ball 1-0: Foul Ball, location: 2F 1-1: Fly out, F8 (Flyball, 8LM, EV 90.6 MPH)
|
|
Batting: RHB Nelle Lommen
|
0-0: Ground out 3-1 (Groundball, 34, EV 107.5 MPH)
|
| Top of the 2nd over - 0 runs, 0 hits, 0 errors, 0 left on base; Hudson Valley 0 - Everett 0 |
| BOTTOM OF THE 2ND |
|
Everett AquaSox batting - Pitching for Hudson Valley Renegades : RHP Jaime Astacio
|
|
Batting: LHB Taki Matsui
|
0-0: Ground out 4-3 (Groundball, 34, EV 85.6 MPH)
|
|
Batting: RHB Ben Alspach
|
0-0: Ball 1-0: Called Strike 1-1: Foul Ball, location: 2F 1-2: TRIPLE (Flyball, 89XD, EV 111.2 MPH)
|
|
Batting: LHB Justin Long
|
0-0: Called Strike 0-1: Foul Ball, location: 2F 0-2: Ground out 3-1 (Groundball, 34S, EV 85.0 MPH) Ben Alspach scores
|
|
Batting: LHB Josh Kirk
|
0-0: Called Strike 0-1: Ball 1-1: Ball 2-1: Fly out, F7 (Flyball, 7D, EV 91.9 MPH)
|
| Bottom of the 2nd over - 1 run, 1 hit, 0 errors, 0 left on base; Hudson Valley 0 - Everett 1 |
| TOP OF THE 3RD |
|
Hudson Valley Renegades batting - Pitching for Everett AquaSox : LHP Kevin Roberts
|
|
Batting: RHB Evan Chalarian
|
0-0: Called Strike 0-1: Swinging Strike 0-2: Ball 1-2: Ground out 5-3 (Groundball, 56, EV 91.2 MPH)
|
|
Batting: SHB Josif Popovski
|
0-0: Ball 1-0: Foul Ball, location: 2F 1-1: Bunt missed! 1-2: Foul Ball, location: 2F 1-2: Ball 2-2: Ball 3-2: Fly out, F7 (Flyball, 78S, EV 96.2 MPH)
|
|
Batting: RHB Jesus Carrillo
|
0-0: Foul Ball, location: 2F 0-1: Ball 1-1: Ball 2-1: Foul Ball, location: 2F 2-2: Strikes out swinging
|
| Top of the 3rd over - 0 runs, 0 hits, 0 errors, 0 left on base; Hudson Valley 0 - Everett 1 |
| BOTTOM OF THE 3RD |
|
Everett AquaSox batting - Pitching for Hudson Valley Renegades : RHP Jaime Astacio
|
|
Batting: RHB Ben Herman
|
0-0: Ball 1-0: Called Strike 1-1: SINGLE (Groundball, 4D, EV 104.4 MPH)
|
|
Batting: LHB Addisu Nyamekye
|
Balk! Ben Herman to second 0-0: Foul Ball, location: 2F 0-1: Swinging Strike 0-2: Ball 1-2: Strikes out swinging
|
|
Batting: RHB Mike Conaway
|
0-0: Ball 1-0: Ball 2-0: Foul Ball, location: 2F 2-1: Ball 3-1: DOUBLE (Groundball, 5L, EV 102.5 MPH) Ben Herman scores
|
|
Batting: RHB Enrique Valdez
|
0-0: Called Strike 0-1: Ball 1-1: SINGLE (Groundball, 56D, EV 94.4 MPH) Mike Conaway to third
|
|
Batting: SHB Hatsuo Miura
|
0-0: Called Strike Enrique Valdez steals 2nd base 0-1: Swinging Strike 0-2: Ball 1-2: Foul Ball, location: 2F 1-2: Foul Ball, location: 2F 1-2: Ball 2-2: Foul Ball, location: 2F 2-2: Fly out, F7 (Flyball, 7D, EV 105.0 MPH) Runner from 3rd tags up, SCORES, throw by LF
|
|
Batting: LHB Taki Matsui
|
0-0: Fly out, F7 (Flyball, 7LM, EV 109.4 MPH)
|
| Bottom of the 3rd over - 2 runs, 3 hits, 0 errors, 1 left on base; Hudson Valley 0 - Everett 3 |
| TOP OF THE 4TH |
|
Hudson Valley Renegades batting - Pitching for Everett AquaSox : LHP Kevin Roberts
|
|
Batting: RHB Eric Narrow
|
0-0: Ball 1-0: Ball 2-0: Called Strike 2-1: SINGLE (Groundball, 34D, EV 103.8 MPH)
|
|
Batting: SHB Suljo Dokic
|
0-0: Called Strike 0-1: Ball Eric Narrow steals 2nd base 1-1: Foul Ball, location: 2F 1-2: Ball 2-2: Fly out, F8 (Flyball, 8RXD, EV 95.0 MPH) Runner from 2nd tags up, SAFE at 3rd, no throw by CF
|
|
Batting: RHB Isaiah Easter
|
0-0: Ball 1-0: Foul Ball, location: 2F 1-1: Fly out, F8 (Flyball, 89XD, EV 100.6 MPH) Runner from 3rd tags up, SCORES, no throw by CF
|
|
Batting: RHB Kevin Kush
|
0-0: Called Strike 0-1: Swinging Strike 0-2: Foul Ball, location: 2F 0-2: Foul Ball, location: 2F 0-2: Fly out, F9 (Flyball, 9LMF, EV 84.4 MPH)
|
| Top of the 4th over - 1 run, 1 hit, 0 errors, 0 left on base; Hudson Valley 1 - Everett 3 |
| BOTTOM OF THE 4TH |
|
Everett AquaSox batting - Pitching for Hudson Valley Renegades : RHP Jaime Astacio
|
|
Batting: RHB Ben Alspach
|
0-0: Ball 1-0: Ground out 6-3 (Groundball, 6, EV 106.2 MPH)
|
|
Batting: LHB Justin Long
|
0-0: Foul Ball, location: 2F 0-1: Ball 1-1: Ball 2-1: Ball 3-1: Base on Balls
|
|
Batting: LHB Josh Kirk
|
0-0: Ball 1-0: Fly out, F9 (Line Drive, 9S, EV 90.0 MPH)
|
|
Batting: RHB Ben Herman
|
0-0: Ball 1-0: Ball 2-0: Called Strike 2-1: Foul Ball, location: 2F 2-2: Ground out 4-3 (Groundball, 34S, EV 85.0 MPH)
|
| Bottom of the 4th over - 0 runs, 0 hits, 0 errors, 1 left on base; Hudson Valley 1 - Everett 3 |
| TOP OF THE 5TH |
|
Hudson Valley Renegades batting - Pitching for Everett AquaSox : LHP Kevin Roberts
|
|
Batting: RHB Wil Urban
|
0-0: Ball 1-0: Ball 2-0: Foul Ball, location: 2F 2-1: Ball 3-1: Ground out 3-1 (Groundball, 34, EV 95.0 MPH)
|
|
Batting: RHB Nelle Lommen
|
0-0: Swinging Strike 0-1: Foul Ball, location: 2F 0-2: Strikes out swinging
|
|
Batting: RHB Evan Chalarian
|
0-0: Called Strike 0-1: Ball 1-1: DOUBLE (Line Drive, 5D, EV 99.4 MPH)
|
|
Batting: SHB Josif Popovski
|
0-0: Called Strike 0-1: Ground out 4-3 (Groundball, 4, EV 91.2 MPH)
|
| Top of the 5th over - 0 runs, 1 hit, 0 errors, 1 left on base; Hudson Valley 1 - Everett 3 |
| BOTTOM OF THE 5TH |
|
Everett AquaSox batting - Pitching for Hudson Valley Renegades : RHP Jaime Astacio
|
|
Batting: LHB Addisu Nyamekye
|
0-0: Ball 1-0: Foul Ball, location: 2F 1-1: Ball 2-1: Ball 3-1: Foul Ball, location: 2F 3-2: Foul Ball, location: 2F 3-2: Strikes out looking
|
|
Batting: RHB Mike Conaway
|
0-0: Swinging Strike 0-1: Ball 1-1: Ball 2-1: Ball 3-1: Base on Balls
|
|
Batting: RHB Enrique Valdez
|
0-0: Ball 1-0: Called Strike 1-1: Called Strike Mike Conaway steals 2nd base 1-2: Ground out U3 (Groundball, 34, EV 103.8 MPH) Mike Conaway to third
|
|
Batting: SHB Hatsuo Miura
|
0-0: Called Strike 0-1: Called Strike 0-2: Ball 1-2: Foul Ball, location: 2F 1-2: Ball 2-2: Ball 3-2: Base on Balls
|
|
Batting: LHB Taki Matsui
|
0-0: Ball 1-0: Called Strike Hatsuo Miura is caught stealing 2nd base 2-6
|
| Bottom of the 5th over - 0 runs, 0 hits, 0 errors, 1 left on base; Hudson Valley 1 - Everett 3 |
| TOP OF THE 6TH |
|
Hudson Valley Renegades batting - Pitching for Everett AquaSox : LHP Kevin Roberts
|
|
Batting: RHB Jesus Carrillo
|
0-0: Fly out, F9 (Line Drive, 9S, EV 91.9 MPH)
|
|
Batting: RHB Eric Narrow
|
0-0: Ball 1-0: Foul Ball, location: 2F 1-1: Swinging Strike 1-2: Ground out 4-3 (Groundball, 4, EV 86.2 MPH)
|
|
Batting: SHB Suljo Dokic
|
0-0: Called Strike 0-1: Ball 1-1: SOLO HOME RUN (Flyball, 78XD, EV 98.8 MPH), Distance : 390 ft
|
|
Batting: RHB Isaiah Easter
|
0-0: Ground out 4-3 (Groundball, 34, EV 104.4 MPH)
|
| Top of the 6th over - 1 run, 1 hit, 0 errors, 0 left on base; Hudson Valley 2 - Everett 3 |
| BOTTOM OF THE 6TH |
|
Everett AquaSox batting - Pitching for Hudson Valley Renegades : RHP Jaime Astacio
|
|
Batting: LHB Taki Matsui
|
0-0: Swinging Strike 0-1: Called Strike 0-2: Ground out U3 (Groundball, 3, EV 85.6 MPH)
|
|
Batting: RHB Ben Alspach
|
0-0: Ball 1-0: Ball 2-0: Ground out 5-3 (Groundball, 56S, EV 68.8 MPH)
|
|
Batting: LHB Justin Long
|
0-0: Called Strike 0-1: Foul Ball, location: 2F 0-2: Ball 1-2: Foul Ball, location: 2F 1-2: Ball 2-2: Strikes out swinging
|
| Bottom of the 6th over - 0 runs, 0 hits, 0 errors, 0 left on base; Hudson Valley 2 - Everett 3 |
| TOP OF THE 7TH |
|
Hudson Valley Renegades batting - Pitching for Everett AquaSox : LHP Kevin Roberts
|
|
Batting: RHB Kevin Kush
|
0-0: Ball 1-0: Swinging Strike 1-1: Ball 2-1: Called Strike 2-2: Ball 3-2: Foul Ball, location: 2F 3-2: Foul Ball, location: 2F 3-2: Foul Ball, location: 2F 3-2: Foul Ball, location: 2F 3-2: Base on Balls
|
|
Pitching: RHP Aaron Black
|
|
|
Batting: RHB Wil Urban
|
Balk! Kevin Kush to second
|
|
Batting: LHB Tony Zizumbo
|
0-0: Ball 1-0: Ball 2-0: Ball 3-0: Called Strike 3-1: Called Strike 3-2: Base on Balls
|
|
Batting: RHB Nelle Lommen
|
0-0: Ball 1-0: Ball 2-0: Bunted foul 2-1: Sac Bunt to 25 - play at first, batter OUT! 5-4 Kevin Kush to third Tony Zizumbo to second
|
|
Batting: RHB Evan Chalarian
|
0-0: Ball 1-0: Ball 2-0: Ground out 6-3 (Groundball, 6, EV 88.8 MPH) Kevin Kush scores
|
|
Batting: SHB Josif Popovski
|
0-0: Foul Ball, location: 2F 0-1: Swinging Strike 0-2: Ball 1-2: Fly out, F6 (Line Drive, 6, EV 72.5 MPH)
|
| Top of the 7th over - 1 run, 0 hits, 0 errors, 1 left on base; Hudson Valley 3 - Everett 3 |
| BOTTOM OF THE 7TH |
|
Everett AquaSox batting - Pitching for Hudson Valley Renegades : RHP Jaime Astacio
|
|
Pitching: LHP Jamie Houtman
|
|
|
Pinch Hitting: RHB Tomokazu Sugimoto
|
0-0: Foul Ball, location: 2F 0-1: Ball 1-1: Called Strike 1-2: Ball 2-2: Strikes out looking
|
|
Pitching: RHP Juan Estrella
|
|
|
Batting: RHB Ben Herman
|
0-0: Ball 1-0: Ball 2-0: SOLO HOME RUN (Flyball, 89XD, EV 100.0 MPH), Distance : 408 ft
|
|
Batting: LHB Addisu Nyamekye
|
0-0: Ball 1-0: Foul Ball, location: 2F 1-1: Called Strike 1-2: Strikes out looking
|
|
Batting: RHB Mike Conaway
|
0-0: DOUBLE (Groundball, 5L, EV 101.9 MPH)
|
|
Batting: RHB Enrique Valdez
|
0-0: Ground out 5-3 (Groundball, 56S, EV 81.2 MPH)
|
| Bottom of the 7th over - 1 run, 2 hits, 0 errors, 1 left on base; Hudson Valley 3 - Everett 4 |
| TOP OF THE 8TH |
|
Hudson Valley Renegades batting - Pitching for Everett AquaSox : RHP Aaron Black
|
|
Now at SS: Brian Butler
|
|
|
Batting: RHB Jesus Carrillo
|
0-0: Foul Ball, location: 2F 0-1: Ground out U3 (Groundball, 3S, EV 70.0 MPH)
|
|
Pinch Hitting: LHB Josh Redfern
|
0-0: Foul Ball, location: 2F 0-1: Called Strike 0-2: Foul Ball, location: 2F 0-2: Ball 1-2: Strikes out swinging
|
|
Batting: SHB Suljo Dokic
|
0-0: Foul Ball, location: 2F 0-1: Foul Ball, location: 2F 0-2: Ball 1-2: Foul Ball, location: 2F 1-2: Fly out, F7 (Flyball, 7D, EV 95.0 MPH)
|
| Top of the 8th over - 0 runs, 0 hits, 0 errors, 0 left on base; Hudson Valley 3 - Everett 4 |
| BOTTOM OF THE 8TH |
|
Everett AquaSox batting - Pitching for Hudson Valley Renegades : RHP Juan Estrella
|
|
Pitching: RHP Fabrizio Rovigo
|
|
|
Now in RF: Josh Redfern
|
|
|
Batting: SHB Hatsuo Miura
|
0-0: Foul Ball, location: 2F 0-1: Ball 1-1: Foul Ball, location: 2F 1-2: SINGLE (Flyball, 8LS, EV 95.0 MPH)
|
|
Batting: LHB Taki Matsui
|
0-0: Ball 1-0: Grounds into double play, 4-6-3 (Groundball, 4, EV 91.9 MPH)
|
|
Batting: RHB Ben Alspach
|
0-0: Swinging Strike 0-1: Ball 1-1: Ball 2-1: Foul Ball, location: 2F 2-2: Strikes out looking
|
| Bottom of the 8th over - 0 runs, 1 hit, 0 errors, 0 left on base; Hudson Valley 3 - Everett 4 |
| TOP OF THE 9TH |
|
Hudson Valley Renegades batting - Pitching for Everett AquaSox : RHP Aaron Black
|
|
Pitching: LHP Mitch Lewis
|
|
|
Now at 1B: Brian Butler
|
|
|
Now at 3B: Adam Lancaster
|
|
|
Now at SS: Omar Solis
|
|
|
Batting: RHB Isaiah Easter
|
0-0: Foul Ball, location: 2F 0-1: Ball 1-1: Fly out, F9 (Flyball, 9D, EV 93.8 MPH)
|
|
Batting: RHB Kevin Kush
|
0-0: Swinging Strike 0-1: Ball 1-1: Foul Ball, location: 2F 1-2: Strikes out swinging
|
|
Batting: LHB Tony Zizumbo
|
0-0: Called Strike 0-1: Swinging Strike 0-2: Ball 1-2: Strikes out swinging
|
| Top of the 9th over - 0 runs, 0 hits, 0 errors, 0 left on base; Hudson Valley 3 - Everett 4 |
|